 Dungeon Crawl Stone Soup version 0.30-a0-368-g86fb4627a9 (webtiles) character file.

Game seed: 11079144418064416775

15656 SmokeWeed the Carver (level 12, -19/91 HPs)
             Began as a Demonspawn Gladiator on Nov 19, 2022.
             Was an Initiate of Gozag.
             Demolished by Rupert
             ... wielding a +4 vorpal battleaxe
              (22 damage)
             ... on level 12 of the Dungeon.
             The game lasted 01:12:55 (12265 turns).

SmokeWeed the Carver (Demonspawn Gladiator)        Turns: 12265, Time: 01:12:56

Health: -19/91     AC: 22    Str: 18    XL:     12   Next: 3%
Magic:  0/18       EV: 12    Int: 11    God:    Gozag
Gold:   2761       SH: 10    Dex: 15    Spells: 15/19 levels left

rFire   . . .      SeeInvis .    G - +9 long sword of Atua {vorpal, rN++ rCorr}
rCold   . . .      Faith    .    S - +0 buckler
rNeg    + + +      Spirit   +    e - +4 scale mail {rN+}
rPois   .          Reflect  +    (helmet restricted)
rElec   .          Harm     .    v - +2 cloak
rCorr   +          Rampage  .    I - +1 pair of gloves
Will    .....                    p - +0 pair of boots
Stlth   +.........               T - amulet of reflection
HPRegen 0.35/turn                n - ring of positive energy
MPRegen 0.32/turn                x - ring of flight

@: flying, hasted, invisible, very quick
A: horns 2, slimy green scales 2, powered by pain 2, magic shield, magic
regeneration
a: Renounce Religion, Potion Petition, Call Merchant, Bribe Branch


You were on level 12 of the Dungeon.
You worshipped Gozag.
Gozag was most pleased with you.
You visited 2 branches of the dungeon, and saw 14 of its levels.
You also visited: Bailey.

You collected 3888 gold pieces.
You spent 1045 gold pieces at shops.
You paid 82 gold pieces to Gozag.

Inventory:

Hand Weapons
 c - a +2 glaive of freezing
 k - a +2 shortbow of flaming
 G - the +9 long sword of Atua (weapon) {vorpal, rN++ rCorr}
   (You bought it in a shop on level 4 of the Dungeon)

   It inflicts extra damage upon your enemies.
   rN:        It greatly protects you from negative energy.
   rCorr:     It protects you from acid and corrosion.
 M - the +6 war axe "Vuoskur" {drain, Will+ Stlth+}
   (You found it on level 10 of the Dungeon)

   A truly terrible weapon, it drains the life of any living foe it strikes.
   Will:      It increases your willpower.
   Stlth:     It makes you more stealthy.
 V - a +2 hand axe of flaming
Missiles
 f - 26 poisoned darts
 t - 4 boomerangs (quivered)
 D - a curare-tipped dart
 J - 5 throwing nets
Armour
 b - an orb of energy
 e - a +4 scale mail of positive energy (worn)
 p - a +0 pair of boots (worn)
 v - a +2 cloak (worn)
 I - a +1 pair of gloves (worn)
 S - a +0 buckler (worn)
Magical Staves
 g - a staff of cold
 l - a staff of fire
Jewellery
 n - a ring of positive energy (left hand)
 q - an amulet of the acrobat
 r - a ring of ice
 x - a ring of flight (right hand)
 B - an amulet of magic regeneration
 O - a ring of ice
 Q - a ring of protection from fire
 T - an amulet of reflection (around neck)
Wands
 d - a wand of light (11)
 i - a wand of paralysis (10)
 L - a wand of flame (17)
 N - a wand of iceblast (10)
 P - a wand of digging (3)
Scrolls
 h - 2 scrolls of fear
 m - 4 scrolls of teleportation
 w - a scroll of brand weapon
 y - 7 scrolls of identify
 C - 2 scrolls of enchant weapon
 F - 3 scrolls of magic mapping
 H - a scroll of summoning
 R - a scroll of fog
Potions
 a - a potion of berserk rage
 j - a potion of ambrosia
 s - 4 potions of flight
 u - 6 potions of brilliance
 z - a potion of resistance
 A - a potion of mutation
 E - a potion of curing
 K - a potion of invisibility


   Skills:
 - Level 7.4 Fighting
 - Level 9.5 Long Blades
 - Level 2.3 Axes
 + Level 4.4 Throwing
 - Level 8.7 Armour
 - Level 6.1 Dodging
 - Level 4.7 Stealth
 - Level 4.1 Shields
 - Level 4.0 Spellcasting
 - Level 4.0 Hexes
 - Level 0.8 Evocations


You had 15 spell levels left.
You knew the following spells:

 Your Spells              Type           Power      Damage    Failure   Level
a - Slow                  Hex            44%        N/A       16%         1
b - Swiftness             Air            2%         N/A       94%         3

Your spell library contained the following spells:

 Spells                   Type           Power      Damage    Failure   Level
 Confusing Touch          Hex            11%        N/A       43%         3
 Tukima's Dance           Hex            11%        N/A       43%         3
 Ensorcelled Hibernation  Hex/Ice        12%        N/A       50%         2
 Apportation              Tloc           4%         N/A       63%         1
 Passwall                 Tmut/Erth      1%         N/A       77%         2
 Static Discharge         Conj/Air       4%         2-3/arc   77%         2
 Hailstorm                Conj/Ice       2%         3d3       94%         3
 Vampiric Draining        Necr           2%         2d6       94%         3
 Vhi's Electric Charge    Tloc/Air       4%         N/A       94%         3
 Anguish                  Hex/Necr       3%         N/A       98%         4
 Ice Form                 Ice/Tmut       2%         N/A       100%        4
 Passage of Golubria      Tloc           2%         N/A       100%        4
 Alistair's Intoxication  Tmut/Pois      1%         N/A       100%        5
 Arcjolt                  Conj/Air       1%         1d11      100%        5
 Lightning Bolt           Conj/Air       1%         1d12      100%        5
 Silence                  Hex/Air        3%         N/A       100%        5
 Yara's Violent Unravell  Hex/Tmut       3%         3d4       100%        5
 Enfeeble                 Hex            5%         N/A       100%        7
 Lehudib's Crystal Spear  Conj/Erth      1%         10d2      100%        8
 Simulacrum               Ice/Necr       Unusable   N/A       N/A         6

Dungeon Overview and Level Annotations

Branches:
Dungeon (13/15)            Temple (1/1) D:5            Lair (0/5) D:11
    Orc (0/2) D:12         Bailey (visited)
 Vaults: D:13-14

Altars:
Ashenzari
Cheibriados
Dithmenos
Fedhas
Gozag
Hepliaklqana
Kikubaaqudgha
Makhleb
Nemelex Xobeh
Okawaru
Qazlal
Ru
Sif Muna
Trog
Uskayaw
Vehumet
Wu Jian
Xom

Shops:
D:4 [!(   D:6 [   D:11 !*

Annotations:
D:9 2 transporters, MrSquiggles's ghost, journeyman OpCj
D:10 2 transporters
D:12 Rupert


Innate Abilities, Weirdness & Mutations

You have a pair of horns on your head.
You are mostly covered in slimy green scales. (AC +3)
You sometimes gain power by taking damage.
When hurt, damage is shared between your health and your magic reserves.
You regenerate magic rapidly.


Message History

You barely miss Rupert.
Rupert is heavily wounded.
The orc wizard points at Rupert and mumbles some strange words.
The cyclops easily resists.
Rupert completely misses you.
You hit Rupert.
Rupert is heavily wounded.
Rupert closely misses you.
You slash Rupert! You headbutt Rupert!
Rupert is severely wounded.
Rupert hits you with a +4 vorpal battleaxe!!
* * * LOW HITPOINT WARNING * * *
x2 You block the cyclops's attack.
You catch the helpless Rupert completely off-guard!
You hit Rupert. Your headbutt misses Rupert.
Rupert is severely wounded.
Rupert hits you with a +4 vorpal battleaxe.
* * * LOW HITPOINT WARNING * * *
Rupert hits you with a +4 vorpal battleaxe!
* * * LOW HITPOINT WARNING * * *
You focus on the pain.
You feel your power returning. You block the cyclops's attack.
You fly upwards.
You flicker back into view.
There is a stone staircase leading down here.
Blink to where?
Press: ? - help, Dir - move target
As you read the scroll of blinking, it crumbles to dust.
Okay, then.
You fade into invisibility!
Throw: 4 boomerangs
Press: ? - help, Q - select action, (/) - cycle Shift-Dir - straight line, f - Rupert
Aim: Rupert, wielding a +4 vorpal battleaxe and wearing a +0 chain mail (severely wounded, berserk, unable to see you, 71% to hit)
You throw a boomerang.
The boomerang hits Rupert but does no damage.
Rupert is severely wounded.
You hit Rupert. You headbutt Rupert, but do no damage.
Rupert is severely wounded.
Rupert hits you with a +4 vorpal battleaxe!!
You die...
Your body crumbles into a pile of gold.

###...#..## #.#...^...###
#.}..#..# #.........#
#..#.##.# ###.....###
#..#.##.#####.....#
#........##......######
##.###.#................ #..#
#..........[.##.... #.##
###.#####....##....
#####$#####@...........#....
#..ยง)[C...@.................
#..C......#.................
#.........#..........###....
#........##..........# #....
#........##..........# #....
#........##..........# #....
#........##..........# #####
#........#############


You could see Rupert (berserk, unable to see you) and a cyclops (unable to see
you).

Vanquished Creatures
  Fannar (D:11)
  A two-headed ogre (D:10)
  A wizard (D:12)
  Pikel (D:8)
  An ugly thing (D:12)
  A cyclops (D:12)
  A manticore (D:12)
  Maggie (D:8)
  A gargoyle (D:12)
  2 meliai (D:12)
  3 trolls
  A hornet (D:10)
  A slime creature (D:12)
  A shadow (D:11)
  3 wyverns
  9 yaks
  3 steam dragons
  A basilisk (D:11)
  11 vampire mosquitoes
  Edmund (D:4)
  A warg (D:12)
  3 acid dragons
  Duvessa (D:5)
  A sky beast (D:7)
  5 orc warriors
  4 black bears
  4 ogres (D:4)
  5 wolves (Bailey)
  9 centaurs
  A phantom (D:4)
  3 kobold brigands
  2 bullfrogs (D:6)
  3 necrophages
  10 gnoll sergeants
  3 scorpions
  3 wights (D:7)
  Dowan (D:5)
  6 killer bees (D:10)
  4 howler monkeys
  Crazy Yiuf (D:3)
  6 gnoll boudas (Bailey)
  5 orc priests
  5 hounds
  4 jellies
  3 iguanas (D:4)
  Terence (D:2)
  Ijyb (D:5)
  12 orc wizards
  22 gnolls
  7 adders
  A shadow imp (D:8)
  A white imp (D:5)
  2 worms
  3 dart slugs
  39 orcs
  3 bats
  7 endoplasms
  4 giant cockroaches
  9 goblins
  8 hobgoblins
  2 jackals (D:1)
  3 quokkas
  3 ball pythons
  6 frilled lizards (D:2)
  18 kobolds
  7 rats
297 creatures vanquished.

Vanquished Creatures (others)
  A gnoll (D:5)
  2 fungi (D:11)
  3 plants (D:11)
6 creatures vanquished.

Grand Total: 303 creatures vanquished

Notes
Turn   | Place    | Note
-------+----------+-------------------------------------------
     0 | D:1      | SmokeWeed the Demonspawn Gladiator began the quest for the
                  | Orb.
     0 | D:1      | Reached XP level 1. HP: 16/16 MP: 1/1
   278 | D:1      | Gained mutation: You have a pair of small horns on your
                  | head. [demonic ancestry]
   278 | D:1      | Reached XP level 2. HP: 22/22 MP: 2/2
   573 | D:1      | Reached skill level 3 in Long Blades
   865 | D:2      | Gained mutation: You regenerate magic rapidly. [demonic
                  | ancestry]
   865 | D:2      | Reached XP level 3. HP: 16/27 MP: 3/3
   953 | D:2      | Noticed Terence
   961 | D:2      | Killed Terence
   962 | D:2      | Reached skill level 1 in Armour
   968 | D:2      | Gained mutation: When hurt, damage is shared between your
                  | health and your magic reserves. [demonic ancestry]
   968 | D:2      | Reached XP level 4. HP: 28/33 MP: 4/4
  1566 | D:3      | Found a broken altar of Ashenzari.
  1584 | D:3      | Learned a level 1 spell: Slow
  1903 | D:3      | Gained mutation: You sometimes gain a little power by
                  | taking damage. [demonic ancestry]
  1903 | D:3      | Reached XP level 5. HP: 35/39 MP: 5/5
  2190 | D:3      | Found a faded altar of an unknown god.
  2220 | D:3      | Found a blossoming altar of Fedhas.
  2689 | D:3      | Found a runed translucent door.
  2690 | D:3      | Noticed Crazy Yiuf
  2697 | D:3      | Killed Crazy Yiuf
  2863 | D:4      | Noticed a phantom
  2890 | D:4      | Killed a phantom
  2891 | D:4      | Reached skill level 4 in Long Blades
  2891 | D:4      | Gained mutation: You have a pair of horns on your head.
                  | [demonic ancestry]
  2891 | D:4      | Reached XP level 6. HP: 34/47 MP: 6/6
  2973 | D:4      | Noticed Edmund
  2984 | D:4      | Reached skill level 1 in Stealth
  2989 | D:4      | Killed Edmund
  2990 | D:4      | Reached skill level 5 in Long Blades
  3192 | D:4      | Gained mutation: You are partially covered in slimy green
                  | scales. (AC +2) [demonic ancestry]
  3192 | D:4      | Reached XP level 7. HP: 42/52 MP: 5/7
  3622 | D:4      | Found Nupibb's Distillery.
  3623 | D:4      | Found Qosar's Antique Weapon Shop.
  3624 | D:4      | Found Isazono's Armour Shoppe.
  3664 | D:4      | Reached skill level 6 in Long Blades
  3831 | D:4      | Gained mutation: You sometimes gain power by taking damage.
                  | [demonic ancestry]
  3831 | D:4      | Reached XP level 8. HP: 60/60 MP: 8/8
  3931 | D:5      | Entered Level 5 of the Dungeon
  4201 | D:5      | Noticed Dowan
  4202 | D:5      | Noticed Duvessa
  4231 | D:5      | Killed Duvessa
  4235 | D:5      | Killed Dowan
  4400 | D:5      | Found a staircase to the Ecumenical Temple.
  4422 | Temple   | Entered the Ecumenical Temple
  4443 | Temple   | Became a worshipper of Gozag Ym Sagoz the Greedy
  4536 | D:5      | You fall into a shaft and drop 3 floors!
  4611 | D:8      | Noticed Maggie
  4620 | D:8      | Noticed Pikel
  4646 | D:8      | Killed Maggie
  4647 | D:8      | Reached skill level 5 in Armour
  4649 | D:8      | Killed Pikel
  4650 | D:8      | Reached skill level 7 in Long Blades
  4650 | D:8      | Reached XP level 9. HP: 37/67 MP: 5/9
  4656 | D:8      | Reached skill level 5 in Fighting
  4829 | D:8      | Identified a scroll of acquirement
  4829 | D:8      | Acquired 1161 gold pieces
  5136 | D:6      | Found a shimmering altar of Xom.
  5136 | D:6      | Found an ancient bone altar of Kikubaaqudgha.
  5145 | D:6      | Found a shimmering blue altar of Sif Muna.
  5146 | D:6      | Found a sparkling altar of Nemelex Xobeh.
  5148 | D:6      | Found a hide-covered altar of Uskayaw.
  5153 | D:6      | Found a hazy altar of Hepliaklqana.
  5583 | D:5      | Noticed Ijyb
  5591 | D:5      | Paralysed by Ijyb for 2 turns
  5593 | D:5      | Killed Ijyb
  6021 | D:4      | Bought a faintly glowing long sword for 255 gold pieces
  6021 | D:4      | Identified the +9 long sword of Atua {vorpal, rN++ rCorr}
                  | (You bought it in a shop on level 4 of the Dungeon)
  6024 | D:4      | Bought a potion of invisibility for 112 gold pieces
  6263 | D:6      | Found Byullol's Antique Armour Shop.
  6271 | D:6      | Bought a runed orb for 300 gold pieces
  6936 | D:7      | Reached skill level 1 in Hexes
  7057 | D:7      | Reached skill level 8 in Long Blades
  7057 | D:7      | Reached XP level 10. HP: 76/76 MP: 11/11
  7159 | D:7      | Found an ornate altar of the Wu Jian Council.
  7324 | D:8      | Reached skill level 1 in Spellcasting
  7934 | D:9      | Reached skill level 5 in Dodging
  8000 | D:9      | Found a flagged portal.
  8016 | Bailey   | Entered a bailey
  8832 | D:9      | Noticed MrSquiggles's ghost (journeyman OpCj)
  8833 | D:9      | Found a transporter.
  8837 | D:9      | Found a transporter.
  9013 | D:9      | Reached skill level 9 in Long Blades
  9315 | D:10     | Entered Level 10 of the Dungeon
  9333 | D:10     | Identified the +6 war axe "Vuoskur" {drain, Will+ Stlth+}
  9451 | D:10     | Found a transporter.
  9454 | D:10     | Noticed a yaktaur captain
  9457 | D:10     | Noticed a deep troll earth mage
  9458 | D:10     | Noticed a centaur warrior
  9464 | D:10     | Found a transporter.
  9485 | D:10     | Gained mutation: You are mostly covered in slimy green
                  | scales. (AC +3) [demonic ancestry]
  9485 | D:10     | Reached XP level 11. HP: 70/83 MP: 13/15
  9542 | D:10     | a queen bee changed into a fire crab
  9542 | D:10     | Noticed a fire crab (shapeshifter)
  9560 | D:10     | Noticed a two-headed ogre
  9574 | D:10     | Killed a two-headed ogre
  9650 | D:10     | Found a snail-covered altar of Cheibriados.
  9669 | D:10     | Paralysed by a hornet for 1 turns
  9961 | D:10     | Reached skill level 1 in Axes
 10451 | D:11     | Noticed Fannar
 10473 | D:11     | Reached skill level 1 in Shields
 10744 | D:11     | Found a staircase to the Lair.
 10774 | D:11     | Killed Fannar
 10874 | D:11     | Found Qocsemai's General Store.
 10882 | D:11     | Bought 5 boomerangs for 35 gold pieces
 10882 | D:11     | Bought a potion of invisibility for 112 gold pieces
 10996 | D:11     | Found Liun's Distillery.
 11005 | D:11     | Bought a potion of haste for 110 gold pieces
 11005 | D:11     | Bought a potion of invisibility for 88 gold pieces
 11005 | D:11     | Bought a potion of curing for 33 gold pieces
 11462 | D:12     | Found a staircase to the Orcish Mines.
 11567 | D:12     | Noticed a cyan ugly thing
 11579 | D:13     | Noticed Rupert
 11708 | D:12     | Noticed a wizard
 11746 | D:12     | Killed a cyan ugly thing
 11751 | D:12     | Killed a wizard
 11892 | D:12     | Found a sacrificial altar of Ru.
 12172 | D:12     | Learned a level 3 spell: Swiftness
 12237 | D:12     | Reached XP level 12. HP: 37/91 MP: 8/18
 12257 | D:13     | HP: 1/91 [Rupert/+4 vorpal battleaxe (13)]
 12265 | D:12     | Demolished by Rupert

Illustrated notes

Levels and vault maps discovered:
D:1:      dpeg_arrival_fog, layout_loops_ring, nrook_mini_backslash
D:2:      layout_loops_cross, minivault_26, minmay_lizard_pond, uniq_terence
D:3:      layout_loops_corners, fedhas_altar_fruit_tree,
          evilmike_ruin_ashenzari, hellmonk_ecumenical_altar_inner_sanctum,
          minmay_misc_feat_nine_boxes, serial_bayou_ford_a,
          uniq_crazy_yiuf_cottage
D:4:      layout_loops_ring, nicolae_wooded_promenade, uniq_edmund
D:5:      layout_basic, minmay_temple_entry_tees, uniq_ijyb, uniq_duvessa
D:6:      layout_loops_corners, nicolae_overflow_hallway_of_the_gods,
          serial_shops, nicolae_shop_advertising_works
          [nicolae_subvault_shop_adworks]
D:7:      layout_rooms, amcnicky_altar_gilded
D:8:      layout_loops_ring, uniq_maggie, uniq_pikel
D:9:      layout_roguey, enter_bailey_5, gammafunk_ghost_hive, st_stairs_7
D:10:     gammafunk_sealed_arena, layout_long_grid, lemuel_doored_altar
D:11:     layout_irregular_city, david_lair_generic, serial_shops, shop, shop,
          uniq_fannar
D:12:     layout_rooms, david_orc_3, minmay_misc_feat_tiny,
          nicolae_ru_the_path_less_chosen
D:13:     layout_big_octagon, serial_shops, shop_coins, uniq_rupert, uniq_lodul
Temple:   chequers_temple_sunken

Skill      XL: |  1  2  3  4  5  6  7  8  9 10 11 |
---------------+----------------------------------+-----
Dodging        | 3 4 5 6 |  6.1
Long Blades    | 3 4 5 6 7 8 9 |  9.5
Armour         | 1 2 3 4 6 7 8 |  8.7
Fighting       | 3 4 5 6 7 |  7.4
Stealth        | 1 2 3 4 |  4.7
Throwing       | 2 4 |  4.4
Hexes          | 1 3 4 |  4.0
Spellcasting   | 2 4 |  4.0
Axes           | 2 |  2.3
Shields        | 4 |  4.1
Evocations     | |  0.8

Action                   |  1- 3 |  4- 6 |  7- 9 | 10-12 || total
-------------------------+-------+-------+-------+-------++-------
Melee: Long sword        |    84 |   132 |   287 |   399 ||   902
       Headbutt          |     9 |    12 |    72 |    99 ||   192
       Punch             |     1 |       |     7 |     2 ||    10
       War axe           |       |       |       |    60 ||    60
Throw: Throwing net      |     4 |     1 |     1 |    10 ||    16
       Javelin           |     1 |     1 |     2 |       ||     4
       Dart              |       |       |     6 |    16 ||    22
       Boomerang         |       |       |       |    14 ||    14
 Cast: Slow              |       |       |       |     6 ||     6
Evoke: Wand              |       |       |     3 |     3 ||     6
  Use: Potion            |     3 |       |     5 |     9 ||    17
       Scroll            |       |    13 |     8 |     5 ||    26
 Stab: Sleeping          |     1 |       |       |       ||     1
       Paralysed         |       |       |     4 |       ||     4
       Held in net/web   |       |       |     1 |     3 ||     4
       Distracted        |       |       |     2 |     1 ||     3
       Confused          |       |       |     1 |       ||     1
       Invisible         |       |       |       |    17 ||    17
Armor: Leather armour    |    24 |       |       |       ||    24
       Scale mail        |       |    46 |   141 |   325 ||   512
Dodge: Dodged            |    79 |    71 |   180 |   485 ||   815
Block: Buckler           |       |       |       |   116 ||   116
       Reflection        |       |       |       |     4 ||     4

Table legend: (Time is in decaauts)
 A = Elapsed time spent in this place.
 B = Non-inter-level travel time spent in this place.
 C = Inter-level travel time spent in this place.
 D = Time resting spent in this place.
 E = Time spent auto-exploring this place.
 F = Levels seen in this place.
 G = Mean time per level.
                   A        B        C        D        E       F      G
               +--------+--------+--------+--------+--------+-----+--------+
         Total |  12334 |  11636 |    698 |   1026 |   7717 |  15 |  822.3 |
       Dungeon |  11654 |  10956 |    698 |    793 |   7626 |  13 |  896.5 |
        Temple |     45 |     45 |      0 |      0 |      0 |   1 |   45.0 |
        Bailey |    634 |    634 |      0 |    233 |     91 |   1 |  634.0 |
               +--------+--------+--------+--------+--------+-----+--------+

Top non-repeatable levels by time:
     D:4: 1480 daAuts
     D:3: 1358 daAuts
    D:11: 1140 daAuts
     D:6: 999 daAuts
     D:5: 957 daAuts
     D:9: 944 daAuts
    D:10: 941 daAuts
    D:12: 873 daAuts
     D:1: 857 daAuts
     D:8: 811 daAuts
     D:2: 740 daAuts
  Bailey: 634 daAuts
     D:7: 532 daAuts
  Temple: 45 daAuts
    D:13: 18 daAuts
